Construct Section Command Post
Construct Platoon Command Post
Selects Heavy Armor Battlegroup
Selects Light Vehicle Withdraw and Refit
Light Vehicle Withdraw and Refit
6-pounder Anti-tank Gun Team
Construct Field Infirmary
Unlock M3 Stuart Light Tanks
Light Vehicle Withdraw and Refit
Selects Rigorous Vehicle Training
Selects Rigorous Vehicle Training
Selects Forward Repair Assembly
Selects UNKNOWN (2162094)
Construct Company Command Post
Selects Churchill Black Prince Heavy Tank